 Dungeon Crawl Stone Soup version 0.02-213-g07563d0 (webtiles) character file.

Game seed: 7200144779883385454, levelgen mode: deterministic

835 Kalegnar the Skirmisher (level 7, -1/67 HPs) Minotaur Monk. Began on Nov 19, 2020. Slain by a sewer rat (5 damage) ... on level 2 of the Dungeon. The game lasted 00:13:41 (1921 turns).

Kalegnar the Skirmisher (Minotaur Monk)             Turns: 1921, Time: 00:13:41

Health: -1/67      AC:  6    Str: 17    XL:     7 ^: 232
Magic:  6/6        EV: 14    Int:  7    God:
Gold:   50         SH:  0    Dex: 13    Spells: 6/6 levels left

rFire    + . .     Vision   .   a - +0 falchion
rCold    x . .     Gourm    .   (no weapon)
rNeg     . . .     Faith    .   b - +0 robe
rPois    .         Spirit   .   (helmet restricted)
rElec    .         Reflect  .   (no cloak)
rCorr    .         Harm     .   e - +2 pair of gloves
MR       .....                  i - +0 pair of boots
Stlth    ++........             (no amulet)
HPRegen  0.32/turn              k - ring of fire
MPRegen  0.16/turn              (no ring)

@: no status effects
A: retaliatory headbutt, horns 2
a: no special abilities


You were on level 2 of the Dungeon.
You were hungry.

You visited 1 branch of the dungeon, and saw 2 of its levels.

You collected 50 gold pieces.

Inventory:

Weapons
 a - a +0 falchion (weapon)
Armour
 b - a +0 robe (worn)
 e - a +2 pair of gloves (worn)
 i - a +0 pair of boots (worn)
Jewellery
 k - a ring of fire (left hand)
Scrolls
 g - a scroll of bless item
 l - a scroll of blinking
 n - 2 scrolls of fear
Potions
 d - a potion of invisibility
 f - a potion of curing
 m - a potion of mutation
Comestibles
 c - 4 rations
 h - a chunk of flesh


   Skills:
 + Level 7.7 Fighting
 + Level 7.7 Long Blades
 + Level 4.5 Dodging
 - Level 2.0 Stealth


You had 6 spell levels left.
You didn't know any spells.
Your spell library was empty.

Dungeon Overview and Level Annotations

Branches:
Dungeon (2/8)

Altars:


Innate Abilities, Weirdness & Mutations

You reflexively headbutt those who attack you in melee.
You have a pair of horns on your head.


Message History

The sewer rat barely misses you (0).
You hit the sewer rat but do no damage. You closely miss the sewer rat.
You headbutt the sewer rat, but do no damage.
The sewer rat is heavily wounded. (7/12) HP The sewer rat bites you but does no damage.
You hit the sewer rat but do no damage. x2; Your headbutt misses the sewer rat.
The sewer rat is heavily wounded. (7/12) HP The sewer rat misses you (0).
You furiously retaliate!
You headbutt the sewer rat (3).
You riposte.
You hit the sewer rat but do no damage. You barely miss the sewer rat.
You hit the sewer rat (1). Your headbutt misses the sewer rat.
The sewer rat is severely wounded. (3/12) HP The sewer rat bites you (5).
* * * LOW HITPOINT WARNING * * *
You hit the sewer rat but do no damage. You hit the sewer rat (1).
Your headbutt misses the sewer rat.
The sewer rat is almost dead. (2/12) HP The sewer rat bites you (5).
You die...

≈≈≈≈≈≈≈≈..........##))≈≈≈≈
≈≈≈≈≈≈≈.#.≈.......≈.≈≈≈≈≈≈
≈≈≈≈≈≈≈..≈##.......#.≈≈≈≈≈
≈≈;≈≈≈≈...≈........≈≈≈≈≈≈≈
≈≈≈≈≈≈≈.#≈#≈.......#≈≈≈≈≈≈
≈≈≈≈≈≈≈.#≈#≈.......#≈≈≈≈≈≈
≈≈≈≈≈≈†.###.....≈#≈#≈≈≈≈≈≈
≈≈≈≈≈≈≈.###....≈##≈#≈≈≈≈≈≈
≈≈≈≈≈≈≈≈#@##≈#######≈≈≈≈≈≈
≈≈≈≈≈≈≈≈†r.## ##⌠###≈≈≈≈≈≈
≈≈≈≈≈≈≈≈#≈.# ##≈..##≈≈≈≈≈≈
≈≈≈≈≈≈≈≈#### #8..≈8#PP≈≈≈≈
#.≈≈≈≈≈≈≈#≈# ##≈.≈##≈..≈..
≈≈≈≈≈≈≈≈≈.P# #..≈##.≈...≈
#≈≈≈≈≈≈≈≈#P#.≈##...##.≈≈≈≈≈
..≈≈≈≈≈≈r###≈.#8...8#.≈≈≈≈≈
..≈≈≈≈≈≈...#.≈##...##≈≈≈≈≈≈


You could see a submerged sewer rat.

Vanquished Creatures
  A crocodile (D:2)
  2 big kobolds (D:2)
  3 jellies (D:2)
  3 giant cockroaches
  A gnoll (D:1)
  44 sewer rats
  A worm (D:1)
  3 cinder newts
  3 oozes
  4 dart slugs (D:1)
  4 goblins (D:1)
  3 hobgoblins (D:1)
  15 kobolds
  A ball python (D:1)
  6 bats
  7 rats (D:1)
101 creatures vanquished.

Vanquished Creatures (others)
  4 sewer rats (D:2)
  An orc skeleton (D:2)
  184 withered plants (D:2)
189 creatures vanquished.

Grand Total: 290 creatures vanquished

Notes
Turn   | Place    | Note
-------+----------+-------------------------------------------
     0 | D:1      | Kalegnar the Minotaur Monk began the quest for the Orb.
     0 | D:1      | Reached XP level 1. HP: 19/19 MP: 0/0
    31 | D:1      | Reached XP level 2. HP: 24/27 MP: 1/1
   143 | D:1      | Reached XP level 3. HP: 32/34 MP: 2/2
   360 | D:1      | Reached XP level 4. HP: 40/41 MP: 3/3
   427 | D:1      | Reached skill level 5 in Fighting
   507 | D:1      | Reached skill level 5 in Long Blades
   706 | D:2      | Reached XP level 5. HP: 27/48 MP: 4/4
  1009 | D:2      | Reached XP level 6. HP: 57/57 MP: 5/5
  1604 | D:2      | Reached XP level 7. HP: 57/66 MP: 6/6
  1920 | D:2      | HP: 3/67 [sewer rat (5)]
  1921 | D:2      | Slain by a sewer rat

Levels and vault maps discovered:
D:1:      minmay_arrival_four_houses, layout_basic, first_ration,
          cheibrodos_sewer_entry_bend
D:2:      layout_sewer, overflow_temple_1_default, serial_corexii_hall,
          corexii_hall_statues_t, corexii_hall_statues_s,
          corexii_hall_statues_deadend, hangedman_abyss_or_decor_passed

Skill      XL: |  1  2  3  4  5  6 |
---------------+-------------------+-----
Fighting       | 4 5 6 7 |  7.7
Long Blades    | 4 5 6 7 |  7.7
Stealth        | 2 |  2.0
Dodging        | 4 |  4.5

Action                   |  1- 3 |  4- 6 |  7- 9 || total
-------------------------+-------+-------+-------++-------
Melee: Falchion          |    55 |   148 |   135 ||   338
       Unarmed           |    42 |   129 |   123 ||   294
       Headbutt          |    10 |    22 |    31 ||    63
Throw: Bone              |     8 |     4 |     4 ||    16
       Stone             |     5 |    22 |     5 ||    32
       Rusty metal       |     4 |    10 |     1 ||    15
       Skull             |     2 |    12 |     2 ||    16
  Use: Potion            |       |     1 |     1 ||     2
 Stab: Sleeping          |     2 |     2 |       ||     4
  Eat: Chunk             |       |     3 |     1 ||     4
Armor: Robe              |     7 |    17 |    18 ||    42
       Skin              |       |    28 |       ||    28
Dodge: Dodged            |    23 |    80 |   115 ||   218
       Rpst.: Falchion   |     7 |    19 |    37 ||    63
